 Dungeon Crawl Stone Soup version 0.31-a0-1001-g770356a28f (webtiles) character file.

Game seed: 18208928480315965967

502 Gargoyl the Chopper (level 7, 0/66 HPs)
             Began as a Gargoyle Berserker on Nov 8, 2023.
             Was a Priest of Trog.
             Slain by a black bear (4 damage)
             ... on level 5 of the Dungeon.
             The game lasted 00:04:35 (3809 turns).

Gargoyl the Chopper (Gargoyle Berserker)            Turns: 3809, Time: 00:04:35

Health: 0/66       AC:  5    Str: 20    XL:     7   Next: 17%
Magic:  7/7        EV:  6    Int:  8    God:    Trog [***...]
Gold:   71         SH:  0    Dex: 11    Spells: 6/6 levels left

rFire   . . .        a - +2 hand axe
rCold   . . .        (no shield)
rNeg    + . .        i - +1 plate armour
rPois   ∞            (no helmet)
rElec   +            (no cloak)
rCorr   .            (no gloves)
SInv    +            (no boots)
Will    .....        (no amulet) Stlth
                     m - ring of see invisible
HPRegen 0.31/turn    (no ring)
MPRegen 0.10/turn

%: no passive effects
@: berserking, corroded, very quick
A: sickness immunity, AC +4, negative energy resistance 1, electricity
resistance, torment resistance 1, petrification resistance
a: Renounce Religion, Berserk, Trog's Hand


You were on level 5 of the Dungeon.
You worshipped Trog.
Trog was most pleased with you.
You visited 1 branch of the dungeon, and saw 5 of its levels.

You collected 151 gold pieces.
You spent 80 gold pieces at shops.

Inventory:

Hand Weapons
 a - a +2 hand axe (weapon)
 e - a +0 war axe
 o - a +0 spear
Missiles
 c - 8 poisoned darts (quivered)
Armour
 i - a +1 plate armour (worn)
Jewellery
 m - a ring of see invisible (left hand)
Wands
 f - a wand of flame (22)
Scrolls
 p - a scroll of torment
Potions
 b - a potion of ambrosia {unknown}
 d - a potion of mutation {unknown}
 g - 4 potions of curing {unknown}
 h - a potion of degeneration {unknown}
 j - a potion of brilliance {unknown}
 k - 2 potions of magic {unknown}
 l - 2 potions of haste {unknown}
 n - 3 potions of enlightenment {unknown}


   Skills:
 + Level 5.2 Fighting
 + Level 5.9 Axes
 + Level 3.0 Armour
 + Level 1.9 Dodging
 + Level 0.4 Stealth


You had 6 spell levels left.
You didn't know any spells.
Your spell library was empty.

Dungeon Overview and Level Annotations

Branches:
Dungeon (5/15)
 Temple: D:4-7

Altars:

Shops:
D:3 ((*(


Innate Abilities, Weirdness & Mutations

You are immune to sickness and miasma.
Your stone body is resilient. (AC +4)
You are immune to poison.
You resist negative energy. (rN+)
You are resistant to electric shocks. (rElec)
You are resistant to unholy torment.
You are immune to petrification.


Message History

The black bear is lightly wounded.
The black bear bites you.
* * * LOW HITPOINT WARNING * * *
The black bear claws you but does no damage.
The black bear claws you.
* * * LOW HITPOINT WARNING * * *
You hit the black bear but do no damage.
The black bear is lightly wounded.
The black bear barely misses you. The black bear claws you.
* * * LOW HITPOINT WARNING * * *
The black bear claws you but does no damage.
Unknown command.
You hit the black bear.
The black bear is moderately wounded.
Unknown command.
You barely miss the black bear.
The black bear is moderately wounded.
The black bear bites you.
* * * LOW HITPOINT WARNING * * *
The black bear barely misses you. x2
Unknown command.
You completely miss the black bear.
The black bear is moderately wounded.
The black bear bites you.
* * * LOW HITPOINT WARNING * * *
The black bear claws you but does no damage.
The black bear claws you.
* * * LOW HITPOINT WARNING * * *
You hit the black bear.
The black bear is moderately wounded.
You hit the black bear.
The black bear is heavily wounded.
The black bear bites you but does no damage.
The black bear closely misses you. The black bear claws you.
* * * LOW HITPOINT WARNING * * *
Unknown command.
You barely miss the black bear.
The black bear is heavily wounded.
The black bear bites you.
You die...

..
....#############
.......@h.......#
#######......#.
+..<...# #......+
#......# #......#
#......# #......#
#......#


You could see a black bear.

Vanquished Creatures
  A scorpion (D:4)
  A howler monkey (D:3)
  A jelly (D:5)
  2 hounds (D:4)
  An orc priest (D:3)
  2 orc wizards
  5 gnolls
  5 adders
  2 ufetubi (D:3)
  3 worms
  3 dart slugs (D:2)
  14 orcs
  10 bats
  6 endoplasms
  6 giant cockroaches
  3 goblins
  4 hobgoblins
  3 jackals (D:3)
  3 kobolds
  5 quokkas
  4 ball pythons
  9 frilled lizards
  5 rats
98 creatures vanquished.

Vanquished Creatures (others)
  An orc wizard (D:3)
1 creature vanquished.

Grand Total: 99 creatures vanquished

Notes
Turn   | Place    | Note
-------+----------+-------------------------------------------
     0 | D:1      | Gargoyl the Gargoyle Berserker began the quest for the Orb.
     0 | D:1      | Reached XP level 1. HP: 14/14 MP: 1/1
    47 | D:1      | Reached XP level 2. HP: 19/19 MP: 2/2
   744 | D:2      | Reached XP level 3. HP: 24/24 MP: 3/3
   918 | D:2      | Reached ** piety under Trog
  1134 | D:2      | Reached XP level 4. HP: 27/29 MP: 4/4
  1535 | D:2      | Found a faded altar of an unknown god.
  1535 | D:2      | Noticed a sun demon
  1805 | D:3      | Reached XP level 5. HP: 23/33 MP: 5/5
  1850 | D:3      | Found Suhuod's Antique Weapon Boutique.
  1863 | D:3      | Bought a war axe for 80 gold pieces
  2146 | D:3      | Reached skill level 5 in Axes
  2151 | D:3      | Reached XP level 6. HP: 25/39 MP: 6/6
  2290 | D:3      | Reached *** piety under Trog
  2337 | D:3      | Found Niucul's General Store.
  2431 | D:3      | Found Fiyclyps's Weapon Shop.
  2466 | D:3      | Found Yduocie's Weapon Boutique.
  3235 | D:4      | Reached skill level 5 in Fighting
  3344 | D:4      | Reached XP level 7. HP: 44/44 MP: 7/7
  3788 | D:5      | Entered Level 5 of the Dungeon
  3809 | D:5      | Slain by a black bear

Illustrated notes

Levels and vault maps discovered:
D:1:      matt_arrival_grand_opening, layout_loops_ring, minmay_split_cup_large
D:2:      layout_basic, dreamdust_ecumenical_altar_sealed_demon,
          grunt_ministairs_1, kennysheep_big_empty_room
D:3:      layout_basic, serial_shops, shop, nicolae_shop_scrapyard,
          nicolae_diamond_shop, shop, kennysheep_generic_room_6
D:4:      layout_loops_corners, minmay_distorted
D:5:      layout_basic, minmay_temple_entry_hall

Skill      XL: |  1  2  3  4  5  6 |
---------------+-------------------+-----
Axes           | 3 4 5 |  5.9
Fighting       | 4 5 |  5.2
Armour         | 3 |  3.0
Dodging        | |  1.9
Stealth        | |  0.4

Action                     |  1- 3 |  4- 6 |  7- 9 || total
---------------------------+-------+-------+-------++-------
  Melee: Hand axe          |    91 |   196 |    29 ||   316
         Punch             |     1 |     3 |       ||     4
 Invoke: Berserk           |     1 |     2 |     1 ||     4
         Trog's Hand       |       |     1 |       ||     1
    Use: Scroll            |     7 |     3 |       ||    10
 Armour: Animal skin       |    19 |       |       ||    19
         Scale mail        |    17 |       |       ||    17
         Plate armour      |    32 |   226 |    34 ||   292
  Dodge: Dodged            |    56 |    77 |    10 ||   143

Table legend: (Time is in decaauts)
 A = Elapsed time spent in this place.
 B = Non-inter-level travel time spent in this place.
 C = Inter-level travel time spent in this place.
 D = Time resting spent in this place.
 E = Time spent auto-exploring this place.
 F = Levels seen in this place.
 G = Mean time per level.
                   A        B        C        D        E       F      G
               +--------+--------+--------+--------+--------+-----+--------+
         Total |   3855 |   3725 |    130 |      0 |   2792 |   5 |  771.0 |
       Dungeon |   3855 |   3725 |    130 |      0 |   2792 |   5 |  771.0 |
               +--------+--------+--------+--------+--------+-----+--------+

Top non-repeatable levels by time:
     D:2: 1049 daAuts
     D:3: 1042 daAuts
     D:4: 996 daAuts
     D:1: 750 daAuts
     D:5: 16 daAuts
